[Event "7th Ali Ipek Memorial 2019"]
[Site "Ankara"]
[Date "2019.03.09"]
[Round "5.10"]
[White "Kaynak, Deniz Can"]
[Black "Bingologlu, Furkan"]
[Result "1/2-1/2"]
[ECO "C50"]
[WhiteElo "1467"]
[BlackElo "1578"]
[Annotator "NA"]
[PlyCount "119"]
[EventDate "2019.03.06"]
[EventType "swiss"]
[EventCountry "TUR"]
[SourceTitle "playchess.com"]
[Source "ChessBase"]
[SourceQuality "1"]
[TimeControl "5400+30"]

1. e4 e5 2. Nf3 Nc6 3. Bc4 Be7 4. d3 d6 5. c3 Na5 6. Bb5+ c6 7. Ba4 b5 8. Bc2 c5 9. Nbd2 Nf6 10. Nf1 O-O 11. h3 Re8 12. Ng3 Bf8 13. O-O h6 14. Nh2 d5 15. Qe2 dxe4 16. dxe4 c4 17. Be3 Qc7 18. Rad1 Bb7 19. Ng4 Nxg4 20. Qxg4 Re6 21. Nf5 Rg6 22. Qf3 Nc6 23. Rd2 Rd8 24. Rxd8 Qxd8 25. Rd1 Qa5 26. Rd7 Bc8 27. Rxf7 Qd8 28. Nh4 Rf6 29. Rxf6 Qxf6 30. Qxf6 gxf6 31. Nf5 Kh7 32. Kf1 a6 33. Ke2 Bd7 34. Kf3 Kg6 35. g4 Nd8 36. Kg3 Ne6 37. h4 Bc6 38. Bxh6 Bxh6 39. Ne7+ Kg7 40. Nxc6 Bf4+ 41. Kf3 Bc1 42. b3 Bd2 43. bxc4 bxc4 44. Na5 Bxc3 45. Nxc4 Nd4+ 46. Ke3 Nxc2+ 47. Kd3 Be1 48. Kxc2 Bxf2 49. h5 Kh6 50. Nd6 Bc5 51. Nf5+ Kg5 52. h6 Kg6 53. Kb3 Bf8 54. Ka4 Bxh6 55. Nxh6 Kxh6 56. Ka5 Kg5 57. Kxa6 Kxg4 58. Kb5 f5 59. exf5 Kxf5 60. a4 1/2-1/2

[Event "7th Ali Ipek Memorial 2019"]
[Site "Ankara"]
[Date "2019.03.09"]
[Round "5.11"]
[White "Arkac, Alp"]
[Black "Karabacak, Ceylin Deniz"]
[Result "1-0"]
[ECO "B76"]
[WhiteElo "1335"]
[BlackElo "1392"]
[Annotator "NA"]
[PlyCount "59"]
[EventDate "2019.03.06"]
[EventType "swiss"]
[EventCountry "TUR"]
[SourceTitle "playchess.com"]
[Source "ChessBase"]
[SourceQuality "1"]
[TimeControl "5400+30"]

1. e4 c5 2. Nf3 d6 3. d4 cxd4 4. Nxd4 Nf6 5. Nc3 g6 6. Be3 Bg7 7. Be2 O-O 8. f3 Nc6 9. Qd2 Bd7 10. O-O-O Rc8 11. Nb3 Ne5 12. Bh6 Nc4 13. Bxc4 Rxc4 14. Bxg7 Kxg7 15. g4 b5 16. h4 b4 17. Nd5 Nxd5 18. exd5 Ba4 19. h5 Bxb3 20. axb3 Qa5 21. Kb1 Rcc8 22. hxg6 fxg6 23. Qh6+ Kf6 24. Rhe1 Rh8 25. Re6+ Kf7 26. Rde1 Rc7 27. Qf4+ Ke8 28. Qf6 Kd8 29. Qxh8+ Kd7 30. Rxe7# 1-0

[Event "7th Ali Ipek Memorial 2019"]
[Site "Ankara"]
[Date "2019.03.09"]
[Round "5.12"]
[White "Kizilkus, Tanju"]
[Black "Dikilitas, Beren"]
[Result "1/2-1/2"]
[ECO "E67"]
[WhiteElo "1571"]
[BlackElo "1313"]
[Annotator "NA"]
[PlyCount "61"]
[EventDate "2019.03.06"]
[EventType "swiss"]
[EventCountry "TUR"]
[SourceTitle "playchess.com"]
[Source "ChessBase"]
[SourceQuality "1"]
[TimeControl "5400+30"]

1. c4 Nf6 2. g3 g6 3. Bg2 Bg7 4. Nf3 O-O 5. O-O d6 6. d4 Nbd7 7. Nc3 e5 8. d5 a5 9. e4 Nc5 10. Qc2 Bd7 11. Bg5 h6 12. Be3 b6 13. Ne1 Bc8 14. Nd3 Nfd7 15. f3 Nxd3 16. Qxd3 Nc5 17. Qc2 f5 18. a3 f4 19. Bf2 g5 20. g4 Qf6 21. b4 Nb7 22. Nb5 Qe7 23. Rac1 Qd7 24. Rfd1 Rf7 25. Bf1 Bf8 26. Qb2 Qe8 27. Rd2 h5 28. h3 hxg4 29. hxg4 Rh7 30. Rdc2 c5 31. dxc6 1/2-1/2

[Event "7th Ali Ipek Memorial 2019"]
[Site "Ankara"]
[Date "2019.03.10"]
[Round "6.1"]
[White "Alkan, Omer Tarik"]
[Black "Sekerci, Berkin"]
[Result "1-0"]
[ECO "C24"]
[WhiteElo "1720"]
[BlackElo "1711"]
[Annotator "NA"]
[PlyCount "67"]
[EventDate "2019.03.06"]
[EventType "swiss"]
[EventCountry "TUR"]
[SourceTitle "playchess.com"]
[Source "ChessBase"]
[SourceQuality "1"]
[TimeControl "5400+30"]

1. e4 e5 2. Nf3 d6 3. Bc4 Be7 4. d3 Nf6 5. O-O O-O 6. Nbd2 Nbd7 7. Re1 c6 8. Bb3 Nc5 9. Nf1 Re8 10. Ng3 Bf8 11. Be3 Nxb3 12. axb3 b6 13. h3 d5 14. exd5 cxd5 15. d4 e4 16. Ne5 Bd6 17. Bf4 Qc7 18. Rc1 Nd7 19. c4 Nxe5 20. cxd5 Qd7 21. dxe5 Bxe5 22. Bxe5 Rxe5 23. Rxe4 Rxe4 24. Nxe4 Bb7 25. Nc3 b5 26. Qd4 a5 27. Rd1 b4 28. Na4 Rd8 29. d6 Qc6 30. f3 Qc2 31. Re1 Qc6 32. d7 Kf8 33. Nc5 Qd5 34. Qe3 1-0

[Event "7th Ali Ipek Memorial 2019"]
[Site "Ankara"]
[Date "2019.03.10"]
[Round "6.2"]
[White "Guven, Oguz Kaan"]
[Black "Kizilkus, Akin"]
[Result "1/2-1/2"]
[ECO "C07"]
[WhiteElo "2096"]
[BlackElo "2022"]
[Annotator "NA"]
[PlyCount "39"]
[EventDate "2019.03.06"]
[EventType "swiss"]
[EventCountry "TUR"]
[SourceTitle "playchess.com"]
[Source "ChessBase"]
[SourceQuality "1"]
[TimeControl "5400+30"]

1. e4 e6 2. d4 d5 3. Nd2 c5 4. Ngf3 cxd4 5. exd5 Qxd5 6. Bc4 Qd6 7. O-O Nf6 8. Nb3 Nc6 9. Nbxd4 Nxd4 10. Nxd4 a6 11. Bb3 Qc7 12. Qf3 Bd6 13. h3 Bd7 14. Re1 O-O-O 15. c4 Kb8 16. Be3 e5 17. c5 Bxc5 18. Rac1 $11 Qb6 19. Nf5 Bxe3 20. Rxe3 1/2-1/2

[Event "7th Ali Ipek Memorial 2019"]
[Site "Ankara"]
[Date "2019.03.10"]
[Round "6.3"]
[White "Ercan, Mehmet Fahri"]
[Black "Taspinar, Yanki"]
[Result "0-1"]
[ECO "A42"]
[WhiteElo "1932"]
[BlackElo "1792"]
[Annotator "NA"]
[PlyCount "84"]
[EventDate "2019.03.06"]
[EventType "swiss"]
[EventCountry "TUR"]
[SourceTitle "playchess.com"]
[Source "ChessBase"]
[SourceQuality "1"]
[TimeControl "5400+30"]

1. c4 e5 2. Nc3 Nc6 3. Nf3 d6 4. d4 exd4 5. Nxd4 g6 6. e4 Bg7 7. Be3 Nge7 8. Qd2 O-O 9. Nxc6 bxc6 10. Bh6 Bxh6 $11 11. Qxh6 f5 12. f3 fxe4 13. fxe4 Rb8 14. O-O-O Rf2 15. Rd2 Qf8 16. Qxf8+ Rxf8 17. Bd3 Be6 18. Rf1 Rxf1+ 19. Bxf1 Rf8 20. Bd3 g5 21. Nd1 Ng6 22. Ne3 Ne5 23. Kc2 a5 24. Kc3 Rf4 25. Rd1 Rf2 26. Rd2 Rf4 27. Bc2 Kf7 28. b3 Ke7 29. Rd1 Rf2 30. Rf1 Re2 31. Nf5+ Bxf5 32. exf5 Rxg2 33. f6+ Kf7 34. Bxh7 Rxh2 35. Bc2 Rh6 36. c5 Rxf6 37. cxd6 cxd6 38. Rg1 Rf3+ 39. Kd4 Rf2 40. Kc3 Kf6 41. a4 Rf3+ 42. Kd4 Rxb3 0-1

[Event "7th Ali Ipek Memorial 2019"]
[Site "Ankara"]
[Date "2019.03.10"]
[Round "6.4"]
[White "Buker, Muhittin"]
[Black "Hokka, Fatih"]
[Result "1/2-1/2"]
[ECO "D12"]
[WhiteElo "2009"]
[BlackElo "1573"]
[Annotator "NA"]
[PlyCount "110"]
[EventDate "2019.03.06"]
[EventType "swiss"]
[EventCountry "TUR"]
[SourceTitle "playchess.com"]
[Source "ChessBase"]
[SourceQuality "1"]
[TimeControl "5400+30"]

1. d4 d5 2. Nf3 Nf6 3. c4 c6 4. Nc3 Bf5 5. cxd5 Nxd5 6. e3 e6 7. Be2 Be7 8. O-O O-O 9. Nd2 Nxc3 10. bxc3 c5 11. Ba3 cxd4 12. Bxe7 Qxe7 13. cxd4 Nd7 14. Qb3 Nb6 15. Rfc1 Rac8 16. a4 Rxc1+ 17. Rxc1 Rc8 18. Rxc8+ Nxc8 $14 19. e4 Bg6 20. Qc3 Nd6 21. Qc5 b6 22. Qc6 h5 23. Bd3 Nb7 24. Nf3 Na5 25. Qc8+ Kh7 26. Qc3 Qd8 27. Ne5 f6 28. Nxg6 Kxg6 29. d5 exd5 30. exd5+ Kf7 31. h4 Qxd5 32. Qc7+ Ke6 33. Bg6 Qd1+ 34. Kh2 Qd6+ 35. Qxd6+ Kxd6 36. Bxh5 g5 37. g3 Ke5 38. Bg6 gxh4 39. f4+ Ke6 40. gxh4 f5 41. h5 Kf6 42. Kg3 Nc4 43. Be8 Kg7 44. Kf2 Nd6 45. Bc6 Kh6 46. Bf3 Ne4+ 47. Ke3 Nf6 48. Kd4 Ng4 49. Kd5 Kxh5 50. Kc6 Kh4 51. Kb7 Ne3 52. Kxa7 Nc4 53. Be2 Nb2 54. Bb5 Kg3 55. Kxb6 Nxa4+ 1/2-1/2

[Event "7th Ali Ipek Memorial 2019"]
[Site "Ankara"]
[Date "2019.03.10"]
[Round "6.5"]
[White "Sinay, Ahmet"]
[Black "Cevizci, Yusuf Baran"]
[Result "0-1"]
[ECO "B22"]
[WhiteElo "1497"]
[BlackElo "1691"]
[Annotator "NA"]
[PlyCount "80"]
[EventDate "2019.03.06"]
[EventType "swiss"]
[EventCountry "TUR"]
[SourceTitle "playchess.com"]
[Source "ChessBase"]
[SourceQuality "1"]
[TimeControl "5400+30"]

1. e4 c5 2. c3 d5 3. exd5 Qxd5 4. d4 Nc6 5. Nf3 Bf5 6. Na3 cxd4 7. Nb5 O-O-O 8. cxd4 e5 9. Bd2 exd4 10. Qc1 Qe4+ 11. Kd1 a6 12. Na7+ Kb8 13. Nxc6+ bxc6 14. Bxa6 Bg4 15. Re1 Bxf3+ 16. gxf3 Qxf3+ 17. Be2 Qd5 18. Qc4 d3 19. Bf4+ Kb7 20. Qxd5 dxe2+ 21. Kxe2 Rxd5 22. Kf3 Nf6 23. Be5 Bc5 24. Bxf6 Rf5+ 25. Kg4 Rxf6 26. f4 h5+ 27. Kg5 Rhh6 28. f5 Rh8 29. Rad1 Kc7 30. Rc1 Bb4 31. Re2 Rd8 32. Rf1 Rd4 33. Rff2 Rg4+ 34. Kxh5 Rg1 35. Rg2 Rxf5+ 36. Kg4 Rgf1 37. Re4 Bd6 38. Kh4 g6 39. Kg4 Rh5 40. h4 f5+ 0-1

[Event "7th Ali Ipek Memorial 2019"]
[Site "Ankara"]
[Date "2019.03.10"]
[Round "6.6"]
[White "Soku, Mustafa Attila"]
[Black "Subasi, Fidel"]
[Result "1/2-1/2"]
[ECO "A85"]
[WhiteElo "1497"]
[BlackElo "1692"]
[Annotator "NA"]
[PlyCount "141"]
[EventDate "2019.03.06"]
[EventType "swiss"]
[EventCountry "TUR"]
[SourceTitle "playchess.com"]
[Source "ChessBase"]
[SourceQuality "1"]
[TimeControl "5400+30"]

1. d4 e6 2. c4 f5 3. Nc3 Nf6 4. Bg5 Bb4 5. h4 h6 6. Bf4 Nc6 7. e3 O-O 8. Nge2 d5 9. a3 Bd6 10. c5 Bxf4 11. Nxf4 Ne7 12. Nd3 Ne4 13. Ne2 b6 14. f3 Nf6 15. Nef4 bxc5 16. Nxc5 Qd6 17. Ncd3 Ba6 18. Nc5 Bxf1 19. Kxf1 e5 20. dxe5 Qxc5 21. exf6 Rxf6 22. Qd4 Qb5+ 23. Kf2 Rd8 24. b4 Nc6 25. Qd3 Qxd3 26. Nxd3 d4 27. exd4 Rxd4 28. Rad1 Rfd6 29. Ke2 Rc4 30. Rc1 Re6+ 31. Kf2 Rd4 32. Rhd1 Rxh4 33. Nc5 Re7 34. Na6 Nd4 35. Rxc7 Re2+ 36. Kg1 Ne6 37. Re7 Rc4 38. Rd8+ Kh7 39. Nc5 Rc1+ 40. Kh2 Nxd8 41. Rxe2 Rc3 42. Rd2 Nc6 43. Rd6 Nb8 44. Rd8 Nc6 45. Rd6 Nb8 46. Na6 Nc6 47. Nc5 Nb8 48. a4 a5 49. Rb6 axb4 50. Rxb8 Rxc5 51. Rxb4 Rc2 52. Kh3 Ra2 53. f4 Kg6 54. Rb6+ Kh7 55. Rb4 h5 56. g3 Kh6 57. Rb5 g6 58. a5 h4 59. gxh4 Ra3+ 60. Kg2 Kh5 61. Kf2 Kxh4 62. Rb6 Kg4 63. Rxg6+ Kxf4 64. a6 Ra2+ 65. Ke1 Kf3 66. Rf6 f4 67. Kd1 Ke4 68. Re6+ Kf5 69. Rb6 f3 70. Ke1 Ke5 71. Kf1 1/2-1/2

[Event "7th Ali Ipek Memorial 2019"]
[Site "Ankara"]
[Date "2019.03.10"]
[Round "6.8"]
[White "Karadag, Eflatun Cem"]
[Black "Bingologlu, Furkan"]
[Result "0-1"]
[ECO "A30"]
[WhiteElo "1879"]
[BlackElo "1578"]
[Annotator "NA"]
[PlyCount "68"]
[EventDate "2019.03.06"]
[EventType "swiss"]
[EventCountry "TUR"]
[SourceTitle "playchess.com"]
[Source "ChessBase"]
[SourceQuality "1"]
[TimeControl "5400+30"]

1. d4 Nf6 2. Nf3 e6 3. g3 b6 4. Bg2 Bb7 5. O-O c5 6. c4 cxd4 {[%emt 0:01:30] LiveBook: 496 Games} 7. Qxd4 Bc5 8. Qc3 Nc6 9. a3 a5 10. Bf4 O-O 11. Ne5 Rc8 12. Nd2 Bd4 $11 13. Qb3 d6 14. Nxc6 Bxc6 15. Nf3 Bc5 16. Rfd1 a4 17. Qc2 Qe7 18. Nd2 Qb7 19. Bxc6 Qxc6 20. h3 h6 21. e4 Nh5 22. Nf1 Nxf4 23. gxf4 f5 24. Ng3 fxe4 25. Qxe4 Qxe4 26. Nxe4 Rc6 27. Kg2 Rxf4 28. f3 d5 29. cxd5 exd5 30. Rxd5 Rg6+ 31. Ng3 Rc4 32. Rad1 Rc2+ 33. R5d2 Rxd2+ 34. Rxd2 Bd6 0-1

[Event "7th Ali Ipek Memorial 2019"]
[Site "Ankara"]
[Date "2019.03.10"]
[Round "6.9"]
[White "Mermer, Yunus"]
[Black "Severcan, Sedat Sabri"]
[Result "0-1"]
[ECO "E76"]
[WhiteElo "1479"]
[BlackElo "1927"]
[Annotator "NA"]
[PlyCount "84"]
[EventDate "2019.03.06"]
[EventType "swiss"]
[EventCountry "TUR"]
[SourceTitle "playchess.com"]
[Source "ChessBase"]
[SourceQuality "1"]
[TimeControl "5400+30"]

1. d4 Nf6 2. c4 g6 3. Nc3 Bg7 4. e4 d6 5. f4 O-O 6. Nf3 c5 7. d5 a6 8. a4 b6 9. Bd3 e6 10. O-O exd5 11. exd5 Ra7 12. Qc2 Bg4 13. f5 Bxf3 14. Rxf3 Ng4 15. h3 Bd4+ 16. Kh1 Ne5 17. Rf1 Nxd3 18. Qxd3 $14 Nd7 19. fxg6 hxg6 20. Bf4 Ne5 21. Bxe5 Bxe5 22. Rae1 Bg7 23. Re2 Re7 24. Rfe1 Rfe8 25. Rxe7 Rxe7 26. Rxe7 Qxe7 27. Qe4 Be5 28. Ne2 Qg5 29. Qd3 Bxb2 30. Kg1 Be5 31. Kf1 Kf8 32. Kg1 Ke8 33. Kf1 Kd7 34. Kg1 Kc7 35. Qf3 f5 36. Kf1 Qd2 37. g4 Qg5 38. gxf5 gxf5 39. Qf2 f4 40. h4 Qg4 41. Qe1 f3 42. Ng1 Qg2# 0-1

[Event "7th Ali Ipek Memorial 2019"]
[Site "Ankara"]
[Date "2019.03.10"]
[Round "6.10"]
[White "Coban, Eren Cinar"]
[Black "Kir, Seyyit Ali"]
[Result "1-0"]
[ECO "C47"]
[WhiteElo "1693"]
[BlackElo "1599"]
[Annotator "NA"]
[PlyCount "37"]
[EventDate "2019.03.06"]
[EventType "swiss"]
[EventCountry "TUR"]
[SourceTitle "playchess.com"]
[Source "ChessBase"]
[SourceQuality "1"]
[TimeControl "5400+30"]

1. e4 e5 2. Nf3 Nc6 3. Nc3 Nf6 4. Be2 Bc5 5. Nxe5 Nxe5 6. d4 Bb4 7. dxe5 Bxc3+ 8. bxc3 Nxe4 9. Qd3 d5 10. exd6 Nxd6 11. Ba3 Qg5 12. Bxd6 cxd6 13. Qxd6 Be6 14. Rd1 Rc8 15. O-O Qc5 16. c4 Qxd6 17. Rxd6 Bxc4 18. Bxc4 Rxc4 19. Re1+ 1-0

[Event "7th Ali Ipek Memorial 2019"]
[Site "Ankara"]
[Date "2019.03.10"]
[Round "6.11"]
[White "Yuksel, Mahmut"]
[Black "Kizilkus, Tanju"]
[Result "1-0"]
[ECO "C96"]
[WhiteElo "1720"]
[BlackElo "1571"]
[Annotator "NA"]
[PlyCount "49"]
[EventDate "2019.03.06"]
[EventType "swiss"]
[EventCountry "TUR"]
[SourceTitle "playchess.com"]
[Source "ChessBase"]
[SourceQuality "1"]
[TimeControl "5400+30"]

1. e4 e5 2. Nf3 Nc6 3. Bb5 a6 4. Ba4 b5 5. Bb3 Be7 6. c3 Nf6 7. d3 O-O 8. O-O d6 9. h3 Na5 10. Bc2 c5 11. Re1 Qc7 12. Nbd2 Be6 13. Nf1 Rfd8 14. a4 Bf8 15. Bg5 Be7 16. Ne3 g6 17. b4 Nc6 18. Rc1 cxb4 19. Bb3 Bxb3 20. Qxb3 Na5 21. Qb1 Qb7 22. cxb4 Nc6 23. Bxf6 Bxf6 24. Nd5 Bg7 25. Rxc6 1-0

[Event "7th Ali Ipek Memorial 2019"]
[Site "Ankara"]
[Date "2019.03.10"]
[Round "6.12"]
[White "Kayan, Yasar Efe"]
[Black "Kaynak, Deniz Can"]
[Result "1/2-1/2"]
[ECO "C26"]
[WhiteElo "1516"]
[BlackElo "1467"]
[Annotator "NA"]
[PlyCount "62"]
[EventDate "2019.03.06"]
[EventType "swiss"]
[EventCountry "TUR"]
[SourceTitle "playchess.com"]
[Source "ChessBase"]
[SourceQuality "1"]
[TimeControl "5400+30"]

1. e4 e5 2. Nc3 Nf6 3. g3 Nc6 4. Bg2 Be7 5. d3 d6 6. f4 Bg4 7. Nge2 Qd7 8. h3 Bxe2 9. Nxe2 h5 10. Be3 h4 11. g4 O-O-O 12. c4 Kb8 13. a3 exf4 14. Nxf4 Ne5 15. Qc2 g5 16. Nd5 Nxd5 17. exd5 Rhe8 18. O-O-O Bf6 19. Bxa7+ Kxa7 20. Qf2+ b6 21. Qxf6 Qa4 22. Qxg5 Nxc4 23. dxc4 Qxc4+ 24. Kb1 Re2 25. Rc1 Qb3 26. Rxc7+ Ka6 27. Qf6 Rde8 28. Bf3 Rf2 29. Qc3 Rxf3 30. Qxb3 Rxb3 31. Rxf7 Re2 1/2-1/2

[Event "7th Ali Ipek Memorial 2019"]
[Site "Ankara"]
[Date "2019.03.10"]
[Round "7.1"]
[White "Taspinar, Yanki"]
[Black "Alkan, Omer Tarik"]
[Result "1-0"]
[ECO "B90"]
[WhiteElo "1792"]
[BlackElo "1720"]
[Annotator "NA"]
[PlyCount "89"]
[EventDate "2019.03.06"]
[EventType "swiss"]
[EventCountry "TUR"]
[SourceTitle "playchess.com"]
[Source "ChessBase"]
[SourceQuality "1"]
[TimeControl "5400+30"]

1. e4 c5 2. Nf3 d6 3. d4 cxd4 4. Nxd4 Nf6 5. Nc3 a6 6. Be3 e5 7. Nb3 Be6 8. f3 Be7 9. Qd2 b5 10. O-O-O Nbd7 11. g4 O-O 12. g5 b4 13. Na4 Nh5 14. Qxb4 d5 15. Bc5 Nxc5 16. Naxc5 Rb8 17. Nxe6 fxe6 18. Qa4 Rxf3 19. Be2 Rh3 20. Bg4 Rb4 21. Qc6 Rb6 22. Bxe6+ Kf8 23. Qxd5 Rd6 24. Rdf1+ Nf4 25. Rxf4+ exf4 26. Qf5+ Bf6 27. Qxh3 Bxg5 28. Qf5+ Qf6 29. Qxf6+ gxf6 30. Bc4 f3+ 31. Kb1 f2 32. Rf1 f5 33. exf5 Be3 34. c3 Rh6 35. Kc2 Rxh2 36. Bxa6 h5 37. Kd3 Rh3 38. Ke2 h4 39. Nd2 Ba7 40. Nf3 Ke7 41. Nd4 Kf6 42. Rxf2 Rh1 43. Bb7 Rb1 44. Kd3 Kg5 45. f6 1-0

[Event "7th Ali Ipek Memorial 2019"]
[Site "Ankara"]
[Date "2019.03.10"]
[Round "7.2"]
[White "Sekerci, Berkin"]
[Black "Guven, Oguz Kaan"]
[Result "0-1"]
[ECO "B06"]
[WhiteElo "1711"]
[BlackElo "2096"]
[Annotator "NA"]
[PlyCount "154"]
[EventDate "2019.03.06"]
[EventType "swiss"]
[EventCountry "TUR"]
[SourceTitle "playchess.com"]
[Source "ChessBase"]
[SourceQuality "1"]
[TimeControl "5400+30"]

1. e4 g6 2. d4 Bg7 3. Nc3 d6 4. Be3 a6 5. a4 b6 6. Qd2 Bb7 {[%emt 0:00:00] B06: Modern Defence} 7. Bd3 (7. h4 Nf6 8. f3 Nc6 9. g4 h6 10. Nge2 e6 11. Bh3 Qe7 12. g5 hxg5 13. Bxg5 Qd7 14. O-O-O {1-0 (28) Naiditsch,A (2697)-Shoker,S (2475) Brest 2018}) 7... Nd7 8. Nf3 c5 9. O-O cxd4 10. Nxd4 Ngf6 11. f3 O-O 12. Rad1 $146 ({Predecessor:} 12. Nce2 d5 13. exd5 Nxd5 14. Bf2 {0-1 (26) Pflug,M (2256)-Hornung,H (2163) Augsburg 2001}) 12... Qc7 13. Rfe1 Rfe8 14. Bf1 Rac8 15. Nb3 Nc5 16. Nxc5 bxc5 17. Bc4 Qa5 18. Nd5 Qxd2 19. Rxd2 Rb8 20. c3 Nxd5 21. exd5 Bc8 22. a5 Bd7 23. Bf4 Bf6 24. Rde2 Red8 25. Ra1 Bb5 26. Bxb5 Rxb5 27. Kf1 Rdb8 28. Ra2 Kg7 29. Ke1 g5 30. Bc1 c4 31. Re4 Rc8 32. Ra4 Rxd5 33. Rexc4 Rxc4 34. Rxc4 Rxa5 35. Kd1 Kg6 36. Kc2 Re5 37. Ra4 Re2+ 38. Kd3 Rxg2 39. Rxa6 Rxh2 40. b4 Rf2 41. b5 Rf1 42. Be3 Rb1 ({Don't go for} 42... Rxf3 $2 43. b6 $18) 43. b6 Rb3 44. Kc4 Rxc3+ 45. Kb4 {[%emt 0:00:00] [#]} Rc2 $1 ({Stronger than} 45... Rxe3 46. b7 $11) 46. Kb5 Be5 47. b7 Rb2+ 48. Kc6 d5 49. Kd7+ Kf5 50. Rb6 Re2 51. Bc5 d4 (51... h5 $11) 52. Bd6 Bxd6 53. Rxd6 Rb2 54. Rd5+ Kf4 55. Kc7 e5 56. Kc6 Rxb7 57. Kxb7 h5 58. Kc6 h4 59. Rd7 Kxf3 60. Kd5 d3 61. Kxe5 Ke3 62. Kf5 {[%emt 0:02:28] [#]} h3 $1 63. Rxf7 d2 64. Rh7 d1=Q 65. Rxh3+ Kd4 66. Kxg5 Ke4 67. Rg3 Qd6 68. Kh4 Qh6+ 69. Kg4 Qe6+ 70. Kh5 Kf4 71. Rg7 Qe8+ 72. Kh6 Kf5 73. Rf7+ Ke6 74. Rf3 Qc6 75. Re3+ Kf5+ 76. Kg7 Qf6+ 77. Kh7 Qg6+ 0-1

[Event "7th Ali Ipek Memorial 2019"]
[Site "Ankara"]
[Date "2019.03.10"]
[Round "7.4"]
[White "Cevizci, Yusuf Baran"]
[Black "Buker, Muhittin"]
[Result "0-1"]
[ECO "C47"]
[WhiteElo "1691"]
[BlackElo "2009"]
[Annotator "NA"]
[PlyCount "56"]
[EventDate "2019.03.06"]
[EventType "swiss"]
[EventCountry "TUR"]
[SourceTitle "playchess.com"]
[Source "ChessBase"]
[SourceQuality "1"]
[TimeControl "5400+30"]

1. e4 e5 2. Nf3 Nc6 3. Nc3 Nf6 4. Be2 Bc5 5. Nxe5 Nxe5 6. d4 Bd6 {[%emt 0:01:30] C47: Scotch Four Knights and Four Knights with 4 g3} 7. dxe5 Bxe5 8. Nb5 d5 $146 ({Predecessor:} 8... O-O 9. f4 Nxe4 10. Qd5 Bf6 11. Qxe4 Re8 12. Qf3 a6 13. Nc3 Bxc3+ 14. bxc3 Qe7 15. Bd2 d5 16. O-O {1-0 (16) Grischuk,A (2779)-Ponomariov,R (2743) Khanty-Mansiysk 2013}) 9. exd5 $2 ({White must play} 9. f4 $16 Nxe4 10. fxe5 Qh4+ 11. g3 Nxg3 12. Bg5 (12. hxg3 Qxh1+ 13. Kd2 Qh6+ 14. Ke1 Qh1+ 15. Kd2 Qh6+ 16. Ke1 Qh1+ 17. Kd2 $11) (12. Nxc7+ Kf8 $16) 12... Qxg5 13. Rg1 {[%mdl 64] Pin} (13. Nxc7+ Kf8 $14) (13. Qxd5 Nxh1 14. Nxc7+ {[%mdl 64] Double Attack} Kf8 $14) 13... Qxe5 14. Rxg3) 9... Nxd5 10. c4 Nf4 11. Qxd8+ Kxd8 12. Bxf4 $1 Bxf4 13. Rd1+ Ke7 14. g3 Be5 15. f4 a6 16. Nd4 Bf6 17. b3 Rd8 18. Nc2 Bf5 19. Ne3 Be4 20. Rf1 Rxd1+ 21. Nxd1 c6 22. Bf3 Bb1 23. Rf2 Rd8 24. Re2+ Kd6 $15 25. Be4 Bxe4 26. Rxe4 Kc5 27. g4 Rd4 28. Nc3 Kb4 0-1

[Event "7th Ali Ipek Memorial 2019"]
[Site "Ankara"]
[Date "2019.03.10"]
[Round "7.5"]
[White "Severcan, Sedat Sabri"]
[Black "Soku, Mustafa Attila"]
[Result "1-0"]
[ECO "B14"]
[WhiteElo "1927"]
[BlackElo "1497"]
[Annotator "NA"]
[PlyCount "93"]
[EventDate "2019.03.06"]
[EventType "swiss"]
[EventCountry "TUR"]
[SourceTitle "playchess.com"]
[Source "ChessBase"]
[SourceQuality "1"]
[TimeControl "5400+30"]

1. c4 g6 2. Nc3 Bg7 3. d4 c5 4. e3 cxd4 5. exd4 Nf6 6. Nf3 O-O 7. h3 d5 8. c5 {[%emt 0:06:00] B14: Caro-Kann: Panov-Botvinnik Attack with 5...e6 and 5...g6} (8. Be2 dxc4 9. Bxc4 a6 10. a4 Nc6 11. O-O b6 12. d5 Nb4 13. Qb3 a5 14. Be3 Bb7 15. Rfd1 Rc8 16. Rac1 Nd7 17. Ne4 h6 18. Bd2 Rxc4 19. Rxc4 Nxd5 20. Bxa5 {1-0 (43) Galopoulos,N (2356)-Navara,D (2736) Skopje 2018}) 8... Nc6 9. Bb5 Bf5 10. Bxc6 bxc6 11. Ne5 $146 ({Predecessor:} 11. O-O Ne4 12. Ne5 Bxe5 13. dxe5 Nxc5 14. Bh6 Re8 15. g4 Be6 16. Be3 {0-1 (38) Miszczak,D (2120)-Dors,R (2239) Poland 2008}) 11... Qc8 12. g4 Be6 13. Qa4 {[%emt 0:03:30] [#]} (13. Nd3 $11) 13... Bd7 (13... Ne4 $1 $17 14. Nxe4 (14. Nxc6 Nxc3 15. Nxe7+ Kh8 $17) 14... dxe4) 14. f3 Rd8 15. Bf4 Ne8 16. O-O-O f6 17. Nd3 Nc7 18. Rde1 Re8 19. h4 Qb7 20. Re2 Ne6 21. Be3 Nxd4 $18 (21... Rab8 $11 {and Black has nothing to worry.}) 22. Qxd4 e5 23. Qb4 Qxb4 24. Nxb4 d4 25. Rd1 a5 26. Nc2 Be6 27. Bxd4 exd4 28. Nxd4 Bd7 29. Na4 Rxe2 30. Nxe2 Be6 31. Nb6 Re8 32. Nc3 f5 33. g5 Bxc3 34. bxc3 Bxa2 35. c4 Bb3 36. Rd6 a4 37. Kb2 Re2+ 38. Ka3 Re3 39. Kb4 Bc2 40. Rd2 Bb3 41. Nxa4 Bxa4 42. Kxa4 Rxf3 43. Rd6 Rf4 44. Kb4 Rxh4 45. Rxc6 f4 46. Rf6 Rg4 47. c6 1-0

[Event "7th Ali Ipek Memorial 2019"]
[Site "Ankara"]
[Date "2019.03.10"]
[Round "7.6"]
[White "Bingologlu, Furkan"]
[Black "Ercan, Mehmet Fahri"]
[Result "0-1"]
[ECO "C67"]
[WhiteElo "1578"]
[BlackElo "1932"]
[Annotator "NA"]
[PlyCount "155"]
[EventDate "2019.03.06"]
[EventType "swiss"]
[EventCountry "TUR"]
[SourceTitle "playchess.com"]
[Source "ChessBase"]
[SourceQuality "1"]
[TimeControl "5400+30"]

1. e4 e5 2. Nf3 Nc6 3. Bb5 Nf6 4. O-O Nxe4 5. Re1 Nd6 6. Nxe5 Be7 7. Bf1 Nf5 8. Nf3 O-O 9. d4 d5 10. Bf4 Bf6 11. c3 $1 h6 12. Bd3 Be6 13. Qc2 Qc8 14. Na3 Nce7 {[%emt 0:03:30] [#]} (14... a6 $14) 15. Be5 (15. Nb5 $1 $16) 15... Bxe5 16. Nxe5 c6 17. Rad1 g6 $14 (17... f6 $11 18. Nf3 Qd7) 18. Nb1 Kg7 19. Nd2 f6 20. Nef3 Qd7 21. Nf1 Rae8 22. Re2 Bf7 23. Rde1 Nd6 24. Ng3 h5 25. Nh4 a6 26. h3 Rh8 27. b3 b5 28. Re3 Rhf8 29. Qe2 Ng8 30. Qc2 Ne7 31. Qc1 Qd8 32. Qa3 a5 33. Kf1 Qc7 34. Bb1 Nec8 35. Qb2 Rxe3 36. Rxe3 Re8 37. Rxe8 Bxe8 38. Qc2 Ne7 39. Qd3 f5 40. Nf3 Ne4 41. Ne5 Ng8 42. Nxe4 dxe4 43. Qe3 Qe7 44. f3 exf3 45. Qxf3 Qa3 46. Qe3 Nf6 47. Nf3 Bf7 48. Qd2 Bd5 49. Kf2 Be4 50. Bd3 Bxd3 51. Qxd3 Ne4+ 52. Ke2 Qb2+ 53. Nd2 Nxc3+ 54. Kf3 Nd5 55. a4 b4 56. Kf2 Qc3 57. Qe2 Qxd4+ 58. Ke1 Qh4+ 59. Kf1 Qf4+ 60. Kg1 Qe3+ 61. Qxe3 Nxe3 62. Kf2 Nd1+ 63. Kf3 Nb2 64. Ke3 c5 65. Nf3 c4 66. bxc4 Nxc4+ 67. Kd4 Nb2 68. Ne5 Nxa4 69. Kc4 Nb2+ 70. Kb5 Nd1 71. Ka4 Kf6 72. Nc4 f4 73. Nxa5 Ne3 74. Kxb4 Nxg2 75. Kc3 Kg5 76. Nc4 Kh4 77. Ne5 Kg3 78. Kd3 0-1